Map: Frost LE

Players

MarineLorD

  • Race: Terran Terran
  • League: Grandmaster

LiquidTLO (TLO) - Winner!

  • Race: Zerg Zerg
  • League: Grandmaster

VOD

Have the link to the VOD?

Description

Time

  • Played on: July 2, 2016, 3:37 p.m.
  • Length: 7:56
Show
View Real Time Build Order
Export as new Build Order

MarineLorD Terran 

Build Orders: Reaper Expand 

Get SALT Encoding   

  12  0:00  SCV  
  13  0:13  SCV  
  14  0:17  Supply Depot  
  14  0:25  SCV  
  15  0:39  SCV  
  15  0:41  Barracks  
  16  0:44  Refinery  
  16  0:51  SCV  
  17  1:03  SCV  
  18  1:15  SCV  
  19  1:29  Reaper, Orbital Command  
  20  1:41  Command Center  
  20  1:52  Supply Depot  
  20  1:55  SCV  
  20  2:01  Marine  
  22  2:08  Factory  
  22  2:09  SCV  
  22  2:15  Refinery  
  23  2:21  SCV  
  23  2:22  Barracks Reactor  
  24  2:33  SCV  
  24  2:36  Bunker  
  25  2:45  SCV  
  26  2:53  Orbital Command  
  26  2:54  Starport  
  26  2:57  SCV  
  27  3:09  Barracks Tech Lab, SCV  
  28  3:17  Widow Mine x2  
  31  3:22  SCV x2  
  33  3:34  Marine, SCV x2  
  34  3:35  Supply Depot  
  34  3:36  Medivac  
  34  3:41  Refinery  
  37  3:45  Widow Mine x2  
  37  3:46  SCV x2  
  43  3:53  Marine  
  43  3:56  Stimpack  
  43  3:58  SCV x2  
  45  4:03  Supply Depot  
  45  4:07  Liberator  
  45  4:10  SCV x2  
  45  4:13  Marine  
  45  4:15  Liberator  
  48  4:22  SCV x2  
  50  4:28  Supply Depot  
  53  4:34  SCV x2  
  54  4:46  SCV x2  
  54  4:50  Liberator  
  54  4:51  Marine  
  55  4:56  Factory Tech Lab  
  55  4:57  Command Center  
  55  4:58  SCV x2  
  55  5:08  Refinery  
  55  5:10  SCV  
  55  5:11  Barracks  
  55  5:12  Barracks  
  57  5:14  SCV  
  57  5:20  Siege Tank  
  61  5:22  Marine  
  61  5:23  SCV  
  61  5:26  SCV  
  61  5:27  Supply Depot  
  64  5:35  Engineering Bay  
  64  5:36  SCV  
  64  5:38  Liberator, SCV  
  64  5:39  Engineering Bay  
  66  5:48  SCV  
  67  5:50  SCV  
  67  5:53  Siege Tank  
  74  5:59  Barracks Reactor x2  
  74  6:00  SCV  
  74  6:01  Marine  
  74  6:02  SCV  
  74  6:11  SCV  
  75  6:12  SCV  
  76  6:19  Marine  
  76  6:24  SCV  
  76  6:25  Orbital Command  
  78  6:26  Barracks  
  78  6:28  Barracks  
  78  6:29  SCV  
  76  6:34  Siege Tank  
  76  6:36  Marine, SCV  
  76  6:38  Medivac  
  84  6:47  Marine x4  
  84  6:48  SCV  
  84  6:53  Supply Depot  
  88  6:54  Marine  
  88  6:58  Orbital Command  
  89  7:01  Medivac  
  89  7:05  Marine x4  
  92  7:09  SCV  
  92  7:13  Supply Depot  
  92  7:14  Supply Depot  
  92  7:15  Marine, Medivac  
  96  7:17  Armory  
  96  7:19  Barracks Reactor x2  
  96  7:21  SCV  
  97  7:22  Marine x2, Refinery  
  97  7:23  SCV  
  97  7:26  Marine  
  101  7:34  Marine x2, SCV  
Show
View Real Time Build Order
Export as new Build Order

LiquidTLO Zerg - Winner!

Build Orders: Hatch First 

Get SALT Encoding   

  12  0:00  Drone  
  13  0:12  Overlord  
  13  0:18  Drone  
  14  0:31  Drone x2  
  14  0:35  Drone  
  17  0:54  Hatchery  
  17  0:56  Drone  
  17  0:59  Drone  
  17  1:02  Extractor  
  17  1:14  Spawning Pool  
  17  1:17  Drone  
  17  1:20  Drone  
  18  1:28  Drone  
  19  1:41  Overlord  
  19  2:01  Queen  
  21  2:02  Metabolic Boost, Zergling x2  
  21  2:06  Queen  
  21  2:07  Zergling x2  
  25  2:12  Drone  
  25  2:13  Drone  
  27  2:18  Drone  
  27  2:22  Drone  
  29  2:29  Drone  
  30  2:32  Drone  
  31  2:39  Drone  
  32  2:47  Hatchery  
  31  2:52  Queen  
  31  2:58  Overlord  
  33  3:00  Drone  
  33  3:02  Drone  
  35  3:05  Drone  
  35  3:17  Zergling x2, Drone  
  35  3:18  Drone  
  35  3:19  Drone  
  39  3:21  Queen  
  41  3:27  Zergling x2, Drone  
  41  3:28  Zergling x2  
  43  3:36  Overlord  
  43  3:37  Extractor, Queen  
  44  3:50  Baneling Nest, Drone  
  44  3:55  Drone  
  45  3:56  Drone, Spore Crawler  
  45  3:57  Drone x2  
  45  3:58  Drone  
  48  4:04  Drone  
  48  4:06  Drone  
  48  4:07  Drone x2  
  48  4:08  Drone  
  48  4:09  Drone  
  54  4:16  Drone  
  55  4:18  Drone  
  55  4:19  Drone  
  55  4:22  Evolution Chamber  
  55  4:23  Overlord, Evolution Chamber  
  55  4:26  Zergling x2  
  55  4:29  Zergling x2  
  57  4:34  Overlord  
  57  4:35  Zergling x2  
  58  4:41  Zergling x2  
  58  4:44  Zergling x2  
  60  4:46  Zergling x2  
  60  4:48  Zergling x2  
  60  4:49  Zergling x2  
  62  4:53  Baneling x3  
  62  4:54  Spore Crawler  
  62  4:57  Drone  
  62  4:59  Drone  
  63  5:01  Zerg Ground Armor Level 1  
  63  5:03  Drone  
  63  5:05  Zergling x2  
  63  5:06  Zergling x2  
  66  5:10  Overlord  
  64  5:16  Drone x2  
  64  5:17  Drone  
  64  5:18  Drone  
  68  5:27  Zerg Melee Weapons Level 1  
  67  5:28  Drone  
  67  5:29  Drone  
  67  5:33  Spore Crawler  
  67  5:34  Drone  
  67  5:36  Zergling x6  
  67  5:37  Zergling x2  
  67  5:38  Zergling x2  
  67  5:40  Drone  
  67  5:42  Baneling x4  
  73  5:43  Baneling  
  73  5:44  Drone  
  73  5:48  Zergling x2  
  76  5:50  Zergling x2, Baneling  
  76  5:53  Drone x2  
  76  5:55  Zergling x2  
  79  5:57  Zergling x2  
  79  5:58  Zergling x4  
  79  6:00  Zergling x2  
  79  6:02  Overlord  
  80  6:06  Drone x2  
  82  6:13  Overlord  
  82  6:14  Lair  
  82  6:17  Overlord  
  82  6:20  Drone  
  82  6:22  Drone x2  
  82  6:25  Drone  
  84  6:28  Drone  
  84  6:29  Drone x2  
  85  6:32  Drone  
  85  6:33  Zergling x2, Drone  
  85  6:36  Zergling x2  
  85  6:37  Zergling x2  
  85  6:38  Zergling x2  
  89  6:40  Drone  
  89  6:47  Extractor, Zergling x4  
  92  6:48  Extractor, Zergling x2  
  92  6:51  Zergling x4  
  92  6:52  Zergling x2  
  94  6:56  Zergling x2  
  94  6:57  Zergling x2  
  94  6:58  Zergling x2  
  94  6:59  Zergling x2  
  94  7:00  Zergling x2  
  98  7:04  Zergling x2  
  99  7:13  Drone x2  
  99  7:14  Drone  
  102  7:15  Infestation Pit  
  102  7:16  Extractor x2  
  102  7:18  Zergling x2  
  102  7:22  Drone  
  101  7:24  Zergling x4  
  101  7:25  Overlord, Zergling x2  
  101  7:26  Zergling x2  
  105  7:31  Zergling x2  
  105  7:33  Zergling x2  
  105  7:35  Zergling x4  
  105  7:36  Zergling x4  
  105  7:38  Zergling x2  
Tags
 
Add a new tag
Caveats
  • Supply blocks, unpowered buildings, or Contaminate may cause inaccurate times.
  • Supply counts are checked every 10 seconds.